[Event "61st Mongolian-ch Open 2023"]
[Site "Khovd"]
[Date "2023.05.24"]
[Round "5.1"]
[White "Enkhnar, Enkhbaatar"]
[Black "Erdene, Ganzorig"]
[Result "1-0"]
[ECO "E60"]
[WhiteElo "2360"]
[BlackElo "2278"]
[Annotator "TA"]
[PlyCount "77"]
[EventDate "2023.05.22"]
[EventType "tourn"]
[EventCountry "MGL"]
[SourceTitle "playchess.com"]
[Source "ChessBase"]
[SourceQuality "1"]
[TimeControl "40/5400+30:1800+30"]

1. c4 Nf6 2. g3 g6 3. Bg2 c5 4. Nf3 Bg7 5. O-O O-O 6. d4 d6 7. dxc5 dxc5 8. Ne5 Nbd7 {[%emt 0:10:37] E60: King's Indian: Unusual lines and Fianchetto Variation without Nc3.} 9. Nd3 Ne8 {[%emt 0:00:11] [#]} 10. Nxc5 $1 {[%emt 0:01:21] [#]} Nd6 $146 {[%emt 0:05:05] White is slightly better.} ({Predecessor:} 10... Qc7 11. Bxb7 Rb8 12. Nxd7 Bxd7 13. Bf3 Bxb2 14. Bxb2 Rxb2 15. Qd4 Rb4 16. Nd2 Nd6 {1-0 Martinez Ramos,P (1685)-Portero Bravo,A (1704) ESP-chT Regional U16 2021 (2.4)}) 11. Nxd7 Qxd7 12. c5 Nc4 (12... Nb5 $14) 13. Qb3 (13. Nc3 $1 $16) 13... Qd4 $14 14. Na3 Na5 15. Qb5 Nc6 16. Nc2 ({Reject} 16. Bxc6 bxc6 17. Qxc6 Bh3 $17) 16... Qe5 17. Re1 (17. Bxc6 bxc6 18. Qxc6 Bh3 $15) (17. Be3 $16) 17... a6 18. Qb6 a5 19. Rb1 ({Much weaker is} 19. Bxc6 bxc6 20. Qxc6 Be6 $11) 19... Ra6 20. Qb5 a4 21. Bf4 Qe6 22. Nb4 {[%emt 0:05:57] White is more active.} Nd4 (22... Ra5 $2 23. Qb6 Ra8 24. Nd5 $18 (24. Nxc6 bxc6 25. Qxc6 Qxc6 $18)) (22... Nxb4 $16 23. Qxb4 Qxa2) 23. Qd3 $18 {[%emt 0:00:08] Hoping for e3.} Ra5 24. Rbc1 (24. e3 $18 Nc6 25. Qa3) 24... Nc6 25. a3 Bxb2 26. Nxc6 bxc6 {[%emt 0:00:26] [#]} 27. Bh6 Re8 (27... Bxc1 $2 28. Bxf8 Ra8 29. Qd4) (27... Ba6 28. Qd2) 28. Rb1 Bf6 $2 {[%emt 0:00:54][%mdl 8192] [#] Black cannot hold the game after this.} (28... Be5 $16) 29. Red1 $1 {[%emt 0:00:55][%cal Od3d8] White threatens Qd8! and mate.} Ra8 30. Rb6 {[%emt 0:00:55] Wards off Ba6} Qe5 31. Bxc6 {[%emt 0:01:36][%mdl 64] Trapped Piece, Double Attack} Bf5 32. Qd2 $2 $40 {[%emt 0:07:57][%mdl 128] White goes for the king.} (32. e4 Bxe4 33. Bxe4) 32... Qxc5 {[%emt 0:02:02] [#]} 33. Be3 $1 Qxa3 (33... Qc2 34. Bxe8 Rxe8) 34. Bxa8 {[%emt 0:00:13][%cal Oe3h6] Threatens to win with Bh6! White is clearly winning.} Rxa8 35. Bh6 {[%emt 0:00:08][%cal Od2d8] Intending Qd8+! and mate.} e6 {[%emt 0:02:36] [#]} 36. g4 $1 Qh3 (36... Qe7 37. gxf5) 37. gxf5 g5 {[%emt 0:00:08] [#]} 38. fxe6 $1 Qxh6 {[%emt 0:00:15] [#]} (38... fxe6 39. Bxg5) 39. e7 $1 {[%emt 0:00:53] Weighted Error Value: White=0.29 (precise) /Black=0.63} 1-0

[Event "61st Mongolian-ch Open 2023"]
[Site "Khovd"]
[Date "2023.05.24"]
[Round "5.2"]
[White "Munkhzul, Turmunkh"]
[Black "Chinguun, Sumiya"]
[Result "0-1"]
[ECO "B52"]
[WhiteElo "2318"]
[BlackElo "2298"]
[Annotator "TA"]
[PlyCount "98"]
[EventDate "2023.05.22"]
[EventType "tourn"]
[EventCountry "MGL"]
[SourceTitle "playchess.com"]
[Source "ChessBase"]
[SourceQuality "1"]
[TimeControl "40/5400+30:1800+30"]

1. e4 c5 2. Nf3 d6 3. Bb5+ Bd7 4. Bxd7+ Qxd7 5. O-O Nc6 6. c3 d5 7. e5 {[%emt 0:09:55] B52: Sicilian: Moscow Variation with 3...Bd7.} d4 8. Re1 e6 9. Na3 {[%emt 0:02:21] The position is equal.} Nge7 {[%emt 0:06:23][%cal Bg8e7,Be7g6,Bg6e5][%mdl 32] [#]} 10. c4 $146 (10. cxd4 $11 Nxd4 11. Nxd4 cxd4 12. d3) ({Predecessor:} 10. Nc4 Nd5 11. cxd4 cxd4 12. d3 b5 13. Ncd2 Be7 14. Nb3 Nb6 15. Re4 Rd8 16. Nbxd4 {1-0 Firouzja,M (2141)-Loncke,M (1726) Tetraktys Concept Mgmt blitz 2021 (5)}) 10... Ng6 11. d3 f6 12. Qe2 (12. exf6 $11 {remains equal.} gxf6 13. Nc2) 12... Ncxe5 13. Nxe5 Nxe5 ({Weaker is} 13... fxe5 14. Nb1 $15) 14. f4 {[%emt 0:05:37] [#]} Nc6 15. Bd2 Kf7 16. Nc2 Bd6 17. Qh5+ g6 18. Qh3 Rae8 19. Re2 Qc7 20. Rf1 Qc8 21. Qh4 Ne7 22. Ne1 Nf5 23. Qh3 h5 24. Nf3 h4 25. a3 Qb8 26. b4 b6 ({Don't play} 26... Bxf4 27. Bxf4 Qxf4 28. Ne5+ (28. bxc5 Qc7 $17) 28... Qxe5 29. Rxe5 fxe5 30. bxc5 $16) 27. Re4 Qb7 ({Black should play} 27... a6 28. Rb1 Qc7) 28. b5 $17 a6 {[%emt 0:00:34] Hoping for ...axb5.} 29. a4 axb5 (29... Kg7 {simplifies} 30. Bc1 axb5 31. axb5 Qa7) 30. axb5 Qa8 31. Rfe1 Qa3 32. Bc1 Qc3 (32... Qxd3 $2 33. Ng5+ fxg5 34. Qxd3 $18) (32... Qb4 {seems wilder.} 33. Kf2 Re7 34. R4e2 Kg7) 33. R4e2 Kg7 {[%emt 0:00:51] Active counter play!} (33... Qxd3 $2 34. Ng5+ fxg5 35. Qxd3 $18) (33... Bc7 {is more complex.} 34. Bd2 Qb3 35. Bc1 Qa4) 34. Nd2 $1 Bxf4 {[%emt 0:03:30][%cal Bd6f4,Bf4c1,Bc1e3][%mdl 32] White must now prevent ...Be3+.} 35. Nb1 $2 (35. Ne4 $11 {and White is okay.} Qxc1 36. Rxc1 Bxc1 37. Qf3) 35... Qxc1 $19 36. Rxc1 Bxc1 37. Qf3 Be3+ 38. Kf1 Ra8 39. Qb7+ Kh6 {[%emt 0:00:12] aiming for ...Ra1.} 40. Qxb6 $2 (40. Nd2 $17) 40... Ra1 {[%emt 0:00:00] And now ...Rha8 would win. White is weak on the dark squares} 41. Rb2 Bc1 42. Rb3 Ra2 43. Qc6 Ne3+ 44. Ke1 (44. Kg1 $142 Rxg2+ 45. Qxg2 Nxg2 46. Kxg2) 44... Nxg2+ 45. Kd1 Ne3+ {[%emt 0:00:34][%mdl 64] [#] Discovered Attack} 46. Ke1 Ng2+ 47. Kd1 $1 Bf4 {[%emt 0:00:19] ( -> ...Ne3+)} 48. b6 Ne3+ 49. Ke1 Rxh2 {[%emt 0:00:07] An entertaining game by Chinguun.   Weighted Error Value: White=0.66/Black=0.38} 0-1

[Event "61st Mongolian-ch Open 2023"]
[Site "Khovd"]
[Date "2023.05.24"]
[Round "5.3"]
[White "Ulziikhishig Khishigbat"]
[Black "Amartuvshin, Ganzorig"]
[Result "1-0"]
[ECO "E67"]
[WhiteElo "1601"]
[BlackElo "2407"]
[Annotator "TA"]
[PlyCount "107"]
[EventDate "2023.05.22"]
[EventType "tourn"]
[EventCountry "MGL"]
[SourceTitle "playchess.com"]
[Source "ChessBase"]
[SourceQuality "1"]
[TimeControl "40/5400+30:1800+30"]

1. d4 Nf6 2. c4 g6 3. g3 Bg7 4. Bg2 O-O 5. Nf3 d6 6. O-O Nbd7 7. Nc3 e5 8. dxe5 dxe5 9. b3 c6 10. Bb2 Qe7 11. Qc2 {[%emt 0:01:48] E67: King's Indian: Fianchetto: 6...Nbd7.} Re8 (11... e4 $5 12. Nd4 Re8 $11) 12. Nd2 Nf8 13. Rfd1 {[%emt 0:01:27] The position is equal.} Bf5 14. Nde4 {[%emt 0:03:43] [#]} Nxe4 $146 ({Predecessor:} 14... Rad8 15. Rxd8 Rxd8 16. Rd1 Nxe4 17. Nxe4 Ne6 18. e3 Ng5 19. Rxd8+ Qxd8 20. Qd2 Qxd2 21. Nxd2 {0-1 Czarnecki,W (1980)-Siekaniec,J (2009) POL-chT 2nd League 2019 (6.18)}) 15. Bxe4 Bg4 16. Bg2 Bf5 17. Be4 Be6 18. Rd2 Bh6 19. e3 Bg4 20. Bg2 Rad8 21. Ne4 f5 22. h3 Bh5 $1 23. c5 fxe4 24. Rxd8 Rxd8 25. g4 $1 {[%emt 0:00:09] [#]} Bxg4 $1 26. hxg4 Bg7 27. b4 Nd7 (27... Ne6 $11) 28. Qxe4 $14 Qe6 (28... Nf6 $14 29. Qc4+ (29. Qxe5 Qxe5 30. Bxe5 Nxg4 $11) 29... Kh8) 29. g5 Qe7 30. Rd1 {[%emt 0:07:51][%cal Ob4b5] b5! is the strong threat.} Qxg5 31. Qc4+ Kh8 {[%emt 0:03:48] White stays focused until the end.} (31... Kf8 $1 $14) 32. Qf7 $16 Nf8 {[%emt 0:02:05] [#]} (32... Qg4 $2 33. Rd6 Qf5 34. Qxf5 gxf5 35. Bh3 $18) 33. Rd6 {[%emt 0:04:48] White is much more active.} (33. Rxd8 $6 Qxd8 34. f4 (34. Qxb7 Qd1+ 35. Bf1 Qg4+ 36. Bg2 Qd1+ 37. Bf1 Qg4+ 38. Bg2 Qd1+ $11) 34... g5 $11) 33... h5 (33... Rxd6 $16 {is a better defense.} 34. cxd6 Qh5) 34. Qxb7 $40 {[%emt 0:18:05][%mdl 128] White wants a kill.} h4 35. Rxd8 (35. Rxc6 $2 Rd1+ 36. Kh2 h3 37. Kxh3 Qf5+ 38. Kg3 Rd2 $19) (35. Qxa7 $2 h3 $19) (35. Qxc6 Rxd6 36. Qxd6 (36. cxd6 h3 $17 {[%mdl 64] Pin}) 36... h3 $11) (35. f4 Qg3 36. Rxd8 Qe1+ 37. Bf1 Qxe3+ 38. Kg2 (38. Kh1 Qe4+ 39. Bg2 Qe1+ 40. Kh2 Qg3+ 41. Kh1 Qe1+ 42. Kh2 Qg3+ 43. Kh1 Qe1+ $11) 38... h3+ 39. Kh1 Qf3+ 40. Kg1 Qg3+ 41. Kh1 Qf3+ 42. Kg1 Qg3+ 43. Kh1 Qf3+ $11) 35... Qxd8 36. b5 $2 (36. Qxc6 Qd1+ 37. Bf1 (37. Kh2 Qc2 $16) 37... h3 $18) (36. Bxc6 $6 Qd2 $16) (36. Qxa7 Qd1+ 37. Kh2 Qe2 $11) (36. Qf7 $18 {is more deadly.}) 36... cxb5 $2 (36... Qd1+ $16 {keeps fighting.} 37. Kh2 Qe2) 37. Qxb5 {[%emt 0:01:24] Strongly threatening c6.} ({Less strong is} 37. Qxa7 Qg5 $14) 37... Qd1+ 38. Qf1 Qg4 39. Kh2 {[%emt 0:00:24] Black must now prevent c6.} Qb4 {[%emt 0:09:24] Repels c6} 40. Qc1 Ne6 41. c6 {[%emt 0:01:33] Hoping for Ba3.} Qd6 (41... e4 {was worth a try.}) 42. Kh1 {[%emt 0:02:09] Threatens to win with Ba3.} Kh7 $2 (42... Bf6 43. Qc2 Kg7) 43. Ba3 {[%emt 0:00:17] This pair of bishops is nice.} Qd8 44. Qc4 Nc7 45. Qf7 Nb5 $2 (45... Qf6 46. Qxf6 (46. Qxc7 Qxf2 47. Bb4 Qxe3 $16) 46... Bxf6) 46. Be7 {[%emt 0:01:24] Threatening mate with Be4.} Qd1+ (46... Qg8 $142 47. Qxg8+ Kxg8 48. Bd5+ Kh7) 47. Kh2 {[%emt 0:00:07][%cal Oe7f6] White threatens Bf6! and mate.} Kh6 48. Bf8 Bxf8 49. Qxf8+ {[%emt 0:00:03] KQB-KQN} Kg5 50. Qe7+ (50. f4+ $142 exf4 51. exf4+ Kg4 52. Qf6 Qd8 53. Qxd8 Kxf4 54. Qf6+ Ke3 55. Qe5+ Kd2 56. Qxb5) 50... Kh6 51. Qxe5 {[%emt 0:00:20] Qh8+ would kill now.} ({Weaker is} 51. Qxh4+ Qh5 52. Qxh5+ Kxh5 $18) 51... h3 52. Qh8+ {[%emt 0:00:21][%mdl 64] Skewer. White mates.} Kg5 53. f4+ Kf5 54. Qe5+ {[%emt 0:00:07] Artfully played by Ulziikhishig Khishigbat.   Weighted Error Value: White=0.27 (precise) /Black=0.75} 1-0

[Event "61st Mongolian-ch Open 2023"]
[Site "Khovd"]
[Date "2023.05.24"]
[Round "5.4"]
[White "Amilal Munkhdalai"]
[Black "Munguntuul, Batkhuyag"]
[Result "1-0"]
[ECO "B11"]
[WhiteElo "2141"]
[BlackElo "2408"]
[Annotator "TA"]
[PlyCount "111"]
[EventDate "2023.05.22"]
[EventType "tourn"]
[EventCountry "MGL"]
[SourceTitle "playchess.com"]
[Source "ChessBase"]
[SourceQuality "1"]
[TimeControl "40/5400+30:1800+30"]

1. e4 c6 2. Nc3 d5 3. Nf3 Bg4 4. h3 Bxf3 5. Qxf3 e6 6. d3 Nd7 7. g3 {[%emt 0:01:42] Recently 7.Be2 got a lot of attention.} Bc5 {[%emt 0:06:39] B11: Caro-Kann: Two Knights Variation.} 8. Bg2 Ne7 9. Qe2 Qc7 {[%emt 0:10:16] The position is equal.} 10. Bf4 Qb6 {[%emt 0:01:39] [#]} 11. Nd1 $146 ({Predecessor:} 11. O-O Qxb2 12. Na4 Qb4 13. Nxc5 Qxc5 14. Rab1 b6 15. c4 d4 16. Bd2 a5 17. f4 {0-1 Filgueira,H (2283)-Pap,G (2420) Titled Tuesday intern op 13th Sep Early blitz 2022 (2)}) 11... O-O 12. c3 {[%emt 0:03:26][%cal Bc2c3,Bc3d4][%mdl 32] b4 would be deadly.} e5 13. Be3 Qa6 14. d4 {[%emt 0:04:47] Hoping for Qxa6.} Qxe2+ 15. Kxe2 exd4 16. cxd4 Bb6 17. exd5 $1 Nxd5 18. Bxd5 cxd5 19. Nc3 Nf6 20. Kd3 Rfe8 21. f3 (21. Bg5 Ne4 22. Be3 Rad8 $11) 21... h6 22. g4 Ba5 23. Rac1 Re6 24. Bd2 Rd8 25. a3 Ne8 26. Rhe1 Rf6 27. b4 Bb6 28. f4 {[%emt 0:00:00] White is more active.} Nc7 {[%emt 0:06:10] [#]} ({Black should play} 28... Rc6 $14) 29. f5 $1 $16 Rc6 30. a4 $36 {[%emt 0:00:00][%mdl 2048] And now a5 would win. Keeping Black busy.} a5 31. bxa5 Bxa5 32. Nb5 Bxd2 33. Kxd2 Rxc1 34. Rxc1 {[%emt 0:00:00][%mdl 4096] Endgame KRN-KRN} Ne8 35. Rc5 Nf6 {[%emt 0:00:30] White must now prevent ...Ne4+.} 36. Nc3 Rd7 37. Ke3 Kh7 (37... Kf8 {might work better.} 38. Kf4 g6) 38. Kf4 $18 Re7 39. Rb5 (39. Nxd5 Re4+ 40. Kf3 Rxd4 41. Nxf6+ gxf6 $11) 39... Kg8 40. h4 ({Not} 40. Nxd5 Re4+ 41. Kg3 Rxd4 42. Nxf6+ gxf6 $14) 40... Re1 41. Rb1 ({Weaker is} 41. Nxd5 Re4+ 42. Kf3 Rxd4 43. Nxf6+ gxf6 $14) 41... Re8 (41... Rxb1 42. Nxb1 Kf8) 42. Rxb7 Rc8 43. Rb3 Rc4 (43... Kf8 {is a better defense.} 44. g5 Ne8 45. Nxd5 Rd8) 44. g5 Nd7 {[%emt 0:05:12] [#]} 45. Ke3 (45. Nxd5 $2 {too greedy.} Rxd4+ 46. Ke3 Rxd5 $19) 45... hxg5 46. hxg5 Kf8 47. Kd3 Ke8 48. a5 Rc7 49. Nxd5 Ra7 50. Ra3 Nb8 51. Kc4 Kd7 52. Kc5 Nc6 53. a6 g6 54. f6 (54. Nf6+ $142 Kc7 55. d5 Ne5 56. d6+ Kc8 57. Re3 Rxa6 58. Rxe5 Ra5+ 59. Kd4 Ra4+ 60. Kc3) 54... Nd8 55. Kb6 Ra8 56. a7 {[%emt 0:00:11] Weighted Error Value: White=0.08 (flawless) /Black=0.44} 1-0

[Event "61st Mongolian-ch Open 2023"]
[Site "Khovd"]
[Date "2023.05.24"]
[Round "5.5"]
[White "Munkhgal, Gombosuren"]
[Black "Gan-Erdene, Sugar"]
[Result "1-0"]
[ECO "E49"]
[WhiteElo "2463"]
[BlackElo "2420"]
[Annotator "TA"]
[PlyCount "141"]
[EventDate "2023.05.22"]
[EventType "tourn"]
[EventCountry "MGL"]
[SourceTitle "playchess.com"]
[Source "ChessBase"]
[SourceQuality "1"]
[TimeControl "40/5400+30:1800+30"]

1. d4 Nf6 2. c4 e6 3. Nc3 Bb4 4. a3 Bxc3+ 5. bxc3 O-O 6. e3 d5 7. Bd3 c5 8. Ne2 dxc4 9. Bxc4 Qc7 10. Bd3 e5 11. O-O e4 {[%emt 0:06:40] E49: Nimzo-Indian: Rubinstein: 5 Bd3 d5 6 a3 Bxc3+ 7 bxc3.} 12. Bb1 b6 ({Don't take} 12... Ng4 13. Ng3 $16 (13. Bxe4 $2 Qxh2#)) ({Black should play} 12... Nc6 $11) 13. Ng3 $14 Bb7 {[%emt 0:06:26] [#] White is slightly better.} 14. f3 $146 ({Predecessor:} 14. a4 Nbd7 15. f4 Rfe8 16. Ba2 cxd4 17. cxd4 Bd5 18. Nf5 g6 19. Ng3 Bxa2 20. Rxa2 Rac8 21. f5 g5 22. Nh5 Qc4 23. Raf2 Qd3 24. Nxf6+ Nxf6 25. Qe1 Rc3 {0-1 Krnicnuj-Noseda,J Latin Am corr 1986}) 14... exf3 15. e4 $1 cxd4 (15... Nc6 $142) 16. cxd4 $16 Nc6 17. gxf3 ({White should try} 17. Bb2 $1) 17... Rad8 18. d5 {[%emt 0:05:10] Strongly threatening Qc2.} Ne5 19. Bb2 {[%emt 0:00:43] Prevents Qc3.} Ng6 20. Bd3 Bc8 21. Qc1 Qd6 22. Bb5 Bh3 23. Rf2 Qe7 (23... Rc8 $16 24. Qe3 Rfd8) 24. a4 $18 Rc8 {[%emt 0:06:09] [#]} 25. Qd2 Rfd8 26. Ba6 {[%emt 0:03:44] This pair of bishops is nice.} Rc5 27. Ba3 Qe5 28. Rd1 Ra5 {[%emt 0:01:38] [#]} (28... Rc7 $16 29. d6 Rc6) 29. Bb5 $1 Bd7 (29... a6 $142) 30. Bb4 Rxa4 31. Bxa4 Bxa4 32. Bc3 Qe8 (32... Qf4 33. Ra1 b5) 33. Ra1 b5 34. Nf5 Nh5 35. Qd4 f6 36. Qxa7 Ngf4 37. Kh1 Rd7 38. Qd4 Rc7 39. d6 Rd7 40. Rd2 Qe6 41. Rg1 {[%emt 0:06:24] Prevents h6.} Kf7 42. Qc5 Qc4 43. Bb4 g6 44. Ne3 Qe6 (44... Qxc5 45. Bxc5 Ne6) 45. Ng4 Qb3 $2 (45... Qc4 46. Rc1 Qxc5 47. Rxc5 Bb3) 46. Qc3 $2 (46. Nh6+ Kg7 47. Nf5+ Kf7 48. Qc8) 46... Qxc3 47. Bxc3 Bb3 48. Ne3 Bc4 49. Nxc4 bxc4 50. Ra1 Ke6 51. Kg1 Nd3 52. Ra4 Rxd6 53. Rxc4 Nhf4 54. Rd4 Rxd4 55. Bxd4 {[%emt 0:00:02][%mdl 4096] Endgame KRB-KNN} f5 56. exf5+ Kxf5 57. Be3 Ne5 58. Kf2 Nfd3+ 59. Ke2 Nc1+ 60. Kf2 Ncd3+ 61. Kg3 {[%emt 0:01:14] Black must now prevent f4.} h5 (61... g5 {was worth a try.} 62. Bd4 h5 63. Bxe5 h4+ 64. Kg2 Nxe5) 62. h4 Ne1 $2 (62... Nb4 63. Rd8 Ke6 64. Re8+ Kf5) 63. Rd4 {[%emt 0:02:06] Hoping for Bd2.} Ke6 (63... Nc2 $142 64. Rf4+ Ke6) 64. f4 {[%emt 0:01:02][%cal Od4e4] White threatens Re4! and mate.} Ng4 65. Bd2 Nc2 66. Rc4 Na1 67. Rc3 {[%emt 0:00:47] White wants to mate with Bc1.} Kf5 68. Bc1 Nf6 69. Rc5+ Ke4 70. Bb2 Nb3 71. Rb5 {[%emt 0:05:42] Weighted Error Value: White=0.35/Black=0.42} 1-0

[Event "61st Mongolian-ch Open 2023"]
[Site "Khovd"]
[Date "2023.05.24"]
[Round "5.6"]
[White "Bulgankhan Ganzorig"]
[Black "Bilguun, Sumiya"]
[Result "1-0"]
[ECO "E04"]
[WhiteElo "2017"]
[BlackElo "2474"]
[Annotator "TA"]
[PlyCount "80"]
[EventDate "2023.05.22"]
[EventType "tourn"]
[EventCountry "MGL"]
[SourceTitle "playchess.com"]
[Source "ChessBase"]
[SourceQuality "1"]
[TimeControl "40/5400+30:1800+30"]

1. d4 d5 2. c4 e6 3. Nf3 a6 4. g3 dxc4 5. Bg2 b5 6. Ne5 c6 7. a4 Bb7 8. Nc3 Nf6 9. O-O Nd5 10. Ne4 {[%emt 0:15:26] And now Ng5 would win. E04: Open Catalan: 5 Nf3.} Be7 {[%emt 0:01:24] Prevents Ng5} 11. Nc5 Bxc5 12. dxc5 {[%emt 0:00:17] [#] The position is equal.} O-O $146 ({Predecessor:} 12... Qe7 13. b3 {½-½ Miroiu,G (2337)-Aldea,L (2340) ROM-chTA Olanesti 2012 (5.2)}) 13. e4 Nb4 14. Qg4 (14. b3 $11 {keeps the balance.}) 14... Qe7 $1 $17 (14... Qd4 15. Nf3 Qd7 16. e5 $14) 15. Bd2 {[%emt 0:04:17] Inhibits f6.} (15. Bh6 $2 f6 16. Nf3 (16. Bd2 $2 Nc2 $19) 16... Nd7 $19) 15... a5 (15... Qxc5 16. Bc3 g6 17. Qf4 $16) 16. Bh3 Re8 $1 (16... Qxc5 17. Bc3 h5 18. Qxg7+ (18. Qxh5 Nd3 $11) 18... Kxg7 19. Nd7+ (19. Nxc4+ $2 Kg8 $19) 19... Kg8 20. Nxc5 $16) 17. Bc3 (17. Rad1 $142) 17... f6 18. Nf3 (18. Nxc6 $17 N8xc6 19. axb5) 18... Nd7 (18... Qxc5 19. Bxf6 Qf8 20. Bc3 $14) (18... Nd3 $1 $19 {Hoping for ...b4.} 19. axb5 cxb5) 19. Rfd1 $2 (19. axb5 $17 {is a better defense.} cxb5 20. Bxb4 axb4 21. c6 (21. Rxa8 $2 Bxa8 22. c6 Nc5 $19) 21... Bxc6 22. Nd4 Rxa1 23. Rxa1) 19... Nxc5 $19 20. axb5 cxb5 21. Rxa5 Nbd3 {[%emt 0:06:55] Excellent horsemanship.} ({Weaker is} 21... Nxe4 22. Rxa8 Bxa8 23. Qxe6+ Qxe6 24. Bxe6+ Rxe6 25. Rd8+ Kf7 26. Bxb4 $15) (21... Rxa5 $142 22. Bxb4 Ra4 23. Bxc5 {[%mdl 64] Remove Defender} Qxc5) 22. Rxb5 Bxe4 {[%emt 0:00:06] White must now prevent ...f5.} ({Inferior is} 22... Nxe4 23. Qxe6+ Qxe6 24. Bxe6+ Rxe6 25. Rxb7 $17) 23. Nd2 f5 24. Qh5 Bd5 25. Bg2 Qd7 (25... Bxg2 $19 26. Kxg2 Qd7 27. Rxc5 Nxc5 28. Nxc4 Qe7) 26. Rxc5 $15 Nxc5 27. Nxc4 {[%emt 0:00:07] [#]} Na4 {[%emt 0:06:28] Dodges Nb6} ({Black should try} 27... Rab8 $1 $17) 28. Ne5 $2 (28. Be5 $1 $11 {and White is okay.}) 28... Qb7 (28... Qc7 $19 {and Black stays clearly on top.} 29. Bd4 Bxg2 30. Kxg2 Nc5) 29. Bxd5 $17 exd5 30. Bd4 {[%emt 0:00:04] [#]} Nc5 $1 {[%emt 0:00:42][%mdl 64] Deflection} 31. Qxf5 Ne6 32. Nf3 Rad8 33. Ng5 Nxg5 (33... g6 {is more complex.} 34. Qe5 Nxd4 35. Qxd4 Qg7) 34. Qxg5 h6 35. Qd2 Re4 36. h4 Qf7 37. Qd3 {[%emt 0:00:43] Black is slightly better.} Qe6 38. Kg2 Re2 39. b4 Qe4+ 40. Qf3 Ra2 {[%emt 0:01:09][%mdl 32768] And White is the lucky defender. Artfully played by Bulgankhan Ganzorig.   Weighted Error Value: White=0.30/Black=0.30. Loss on time!?} 1-0